 Dungeon Crawl Stone Soup version 0.29.1-2-gbd0b4ee654 (webtiles) character file.

Game seed: 13771200927365327464

63 Goreval the Insei (level 4, -7/38 HPs)
             Began as a Naga Transmuter on Nov 18, 2022.
             Mangled by Natasha (9 damage)
             ... on level 2 of the Dungeon.
             The game lasted 00:04:22 (1853 turns).

Goreval the Insei (Naga Transmuter)                 Turns: 1853, Time: 00:04:23

Health: -7/38      AC:  2    Str: 12    XL:     4   Next: 9%
Magic:  7/7        EV: 10    Int: 15    God:
Gold:   125        SH:  0    Dex: 12    Spells: 1/7 levels left

rFire   . . .      SeeInvis +     - Unarmed
rCold   . . .      Faith    .   (no shield)
rNeg    . . .      Spirit   .   a - +0 robe
rPois   +          Reflect  .   (no helmet)
rElec   .          Harm     .   (no cloak)
rCorr   .          Rampage  .   (no gloves)
Will    .....                   (no barding)
Stlth   +.........              (no amulet)
HPRegen 0.12/turn               (no ring)
MPRegen 0.10/turn               (no ring)

@: very slow
A: AC +1, large, see invisible, deformed body, poison resistance, slowness 2,
spit poison 1, naga tail 1
a: Spit Poison


You were on level 2 of the Dungeon.
You visited 1 branch of the dungeon, and saw 2 of its levels.

You collected 125 gold pieces.

Inventory:

Armour
 a - a +0 robe (worn)
Scrolls
 c - a scroll of vulnerability {unknown}
 e - a scroll of immolation {unknown}
 f - a scroll of teleportation {unknown}
 g - a scroll of noise {unknown}
 h - a scroll of identify {unknown}
Potions
 b - a potion of lignification
 d - a potion of curing {unknown}
 i - a potion of brilliance
 j - a potion of degeneration {unknown}
 k - a potion of haste {unknown}


   Skills:
 + Level 1.4 Fighting
 + Level 1.8 Dodging
 * Level 3.7 Unarmed Combat
 + Level 2.2 Spellcasting
 * Level 2.9 Transmutations


You had one spell level left.
You knew the following spells:

 Your Spells              Type           Power      Damage    Failure   Level
a - Beastly Appendage     Tmut           20%        N/A       7%          1
b - Wereblood             Tmut           10%        N/A       10%         2
c - Spider Form           Tmut/Pois      6%         N/A       34%         3

Your spell library contained the following spells:

 Spells                   Type           Power      Damage    Failure   Level
 Ice Form                 Ice/Tmut       6%         N/A       75%         4
 Passage of Golubria      Tloc           1%         N/A       91%         4
 Silence                  Hex/Air        0%         N/A       99%         5
 Lehudib's Crystal Spear  Conj/Erth      0%         10d2      100%        8


Dungeon Overview and Level Annotations

Branches:
Dungeon (2/15)

Altars:
Dithmenos

Annotations:
D:2 Natasha


Innate Abilities, Weirdness & Mutations

Your serpentine skin is tough. (AC +1)
You have supernaturally acute eyesight. (SInv)
Armour fits poorly on your strangely shaped body.
Your system is resistant to poisons. (rPois)
You cover ground very slowly.
You can spit poison.
You have a snake-like lower body.


Message History

The magic dart hits you!
Natasha mumbles some strange words.
Natasha shimmers violently.
Natasha stares at you and mumbles some strange words.
The magic dart hits you.
Aim: Natasha (50% to hit)
The splash of poison hits Natasha.
Natasha mumbles some strange words.
Your transformation is almost over.
Natasha casts a spell at you. The magic dart hits you.
You can't do that yet.
Unknown command.
Natasha claws you.
You miss Natasha. Your headbutt misses Natasha.
Natasha stares at you and mumbles some strange words.
You resist with some effort.
You hit Natasha. The crimson imp barely misses you.
You hit Natasha but do no damage.
You have got your breath back.
Natasha barely misses you. The crimson imp hits you.
You completely miss Natasha. Natasha claws you! The crimson imp hits you.
* * * LOW HITPOINT WARNING * * *
Aim: Natasha (lightly wounded, 50% to hit)
The splash of poison hits Natasha.
Natasha is poisoned.
Natasha claws you but does no damage.
The crimson imp hits you but does no damage.
You hit Natasha. Natasha barely misses you.
The crimson imp completely misses you.
You hit Natasha.
Natasha mumbles some strange words.
The crimson imp blinks!
You barely miss Natasha.
Your horns disappear.
Natasha claws you!
* * * LOW HITPOINT WARNING * * *
You barely miss Natasha.
You have got your breath back.
Natasha claws you!
You die...

# #. .### ####### ..# .###
###.....## #.# ###...#
#.....|..###.### #......
#.#.._...@h....# #......
#........5.#...######......
#.......5.###.......#......
#.......### ##.............
#.......######..###........
#...............# ##......>
#.......######.## #.......
#....$..# #.# ##..#.## #.#
##...#


You could see Natasha (poisoned), a crimson imp (summoned) and a white imp
(summoned).

Vanquished Creatures
  Natasha (D:2)
  A worm (D:2)
  3 endoplasms
  2 giant cockroaches
  3 goblins
  3 hobgoblins
  3 kobolds (D:1)
  3 quokkas
  2 ball pythons (D:1)
  6 bats
  A frilled lizard (D:1)
  5 rats
33 creatures vanquished.

Vanquished Creatures (others)
  8 plants (D:2)
8 creatures vanquished.

Grand Total: 41 creatures vanquished

Notes
Turn   | Place    | Note
-------+----------+-------------------------------------------
     0 | D:1      | Goreval the Naga Transmuter began the quest for the Orb.
     0 | D:1      | Reached XP level 1. HP: 18/18 MP: 3/3
   260 | D:1      | Reached XP level 2. HP: 18/25 MP: 3/5
  1189 | D:2      | Reached XP level 3. HP: 31/31 MP: 6/6
  1192 | D:2      | Learned a level 2 spell: Wereblood
  1196 | D:2      | Learned a level 3 spell: Spider Form
  1299 | D:2      | Noticed Natasha
  1423 | D:2      | Killed Natasha
  1551 | D:2      | Reached XP level 4. HP: 30/38 MP: 7/7
  1831 | D:2      | Found a shadowy altar of Dithmenos.
  1839 | D:2      | Noticed Natasha
  1853 | D:2      | Mangled by Natasha

Illustrated notes

Levels and vault maps discovered:
D:1:      tarquinn_simple_flora_water_d, layout_loops_ring
D:2:      layout_rooms, basic_altar, serial_bayou_crossing, uniq_natasha

Action                   |  1- 3 |  4- 6 || total
-------------------------+-------+-------++-------
Melee: Unarmed           |    49 |    18 ||    67
       Headbutt          |    10 |     2 ||    12
       Punch             |     1 |       ||     1
Throw: Stone             |    14 |       ||    14
 Cast: Beastly Appendage |    18 |     5 ||    23
       Wereblood         |     1 |       ||     1
 Abil: Spit Poison       |    17 |     4 ||    21
 Stab: Sleeping          |     1 |       ||     1
Armor: Robe              |    17 |     2 ||    19
Dodge: Dodged            |    32 |     7 ||    39
